 Dungeon Crawl Stone Soup version 0.30.0-3-ga4e48a9924 (webtiles) character file.

Game seed: 11913186295506990746

144 hawla the Firebug (level 5, -3/33 (39) HPs)
             Began as a Meteoran Fire Elementalist on May 7, 2023.
             Slain by Eustachio
             ... wielding a +1 rapier of draining
              (6 damage)
             ... on level 4 of the Dungeon.
             The game lasted 00:03:16 (305 turns).

hawla the Firebug (Meteoran Fire Elementalist)       Turns: 305, Time: 00:03:16

HP:   -3/33 (39)    AC:  2    Str:  9    XL:     5   Next: 82%
MP:   1/12          EV: 12    Int: 19    God:
Gold: 64            SH:  0    Dex: 14    Spells: 9/12 levels left

rFire   . . .        (no weapon)
rCold   . . .        (no shield)
rNeg    . . .        a - +0 robe
rPois   .            (no helmet)
rElec   .            (no cloak)
rCorr   .            (no gloves)
SInv    .            (no boots)
Will    .....        (no amulet)
Stlth   +            (no ring)
HPRegen 0.25/turn    (no ring)
MPRegen 0.13/turn

%: no passive effects
@: glowing, heavily drained
A: sense surroundings 1, otherworldly, glowing, explore regen
a: no special abilities


You were on level 4 of the Dungeon.
You visited 1 branch of the dungeon, and saw 4 of its levels.

You collected 64 gold pieces.

Inventory:

Armour
 a - a +0 robe (worn)
Scrolls
 d - a scroll of noise {unknown}
 f - a scroll of identify {unknown}
Potions
 c - a potion of brilliance {unknown}
 g - a potion of ambrosia {unknown}
 h - a potion of curing {unknown}


   Skills:
 + Level 0.3 Fighting
 + Level 2.8 Dodging
 - Level 1.4 Stealth
 + Level 4.1 Spellcasting
 + Level 2.4 Conjurations
 + Level 5.5 Fire Magic


You had 9 spell levels left.
You knew the following spells:

 Your Spells              Type           Power      Damage    Failure   Level
a - Foxfire               Conj/Fire      76%        2x1d7     2%          1
b - Scorch                Fire           48%        2d7       2%          2

Your spell library contained the following spells:

 Spells                   Type           Power      Damage    Failure   Level
 Inner Flame              Hex/Fire       14%        N/A       13%         3
 Volatile Blastmotes      Fire/Tloc      28%        2d12      13%         3
 Ensorcelled Hibernation  Hex/Ice        6%         N/A       21%         2
 Passwall                 Tmut/Erth      2%         N/A       21%         2
 Flame Wave               Conj/Fire      19%        2d7       26%         4
 Swiftness                Air            3%         N/A       38%         3


Dungeon Overview and Level Annotations

Branches:
Dungeon (4/15) Zot: 2094
 Temple: D:4-7

Altars:

Annotations:
D:4 Eustachio


Innate Abilities, Weirdness & Mutations

You passively map a small area around you.
You are easily found by Zot.
You glow in the dark.
You regain HP and MP as you explore.


Message History

The orc is almost dead.
The orc's fire resistance burns away.
The orc closely misses you. x2
Eustachio barely misses you.
Unknown command.
Casting: Scorch (safe; 2% risk of failure)
Confirm with . or Enter, or press ? or * to list all spells.
You conjure some foxfire!
Eustachio hits you with a +1 rapier of draining.
* * * LOW HITPOINT WARNING * * *
You feel drained. The orc closely misses you. The orc hits you with a +0 flail.
* * * LOW HITPOINT WARNING * * *
Casting: Foxfire (safe; 2% risk of failure)
Confirm with . or Enter, or press ? or * to list all spells.
Flames lash the orc.
The orc is burned terribly!
You kill the orc!
The foxfire hits the orc but does no damage. x2
The orc hits you but does no damage.
Eustachio hits you with a +1 rapier of draining.
* * * LOW HITPOINT WARNING * * *
You feel drained.
It was a potion of heal wounds.
You feel much better.
Eustachio is no longer more vulnerable to fire.
The orc closely misses you.
Eustachio hits you with a +1 rapier of draining!
You feel drained.
Casting: Scorch (safe; 2% risk of failure)
Confirm with . or Enter, or press ? or * to list all spells.
Flames lash Eustachio.
Eustachio is heavily wounded.
Eustachio's fire resistance burns away.
The orc hits you with a +0 flail!
Eustachio casts a spell.
Unknown command.
Casting: Scorch (safe; 2% risk of failure)
Confirm with . or Enter, or press ? or * to list all spells.
Flames lash Eustachio.
Eustachio is burned terribly!
Eustachio is severely wounded.
The orc hits you with a +0 flail!
* * * LOW HITPOINT WARNING * * *
Eustachio hits you with a +1 rapier of draining.
You die...

, * ........# , , *
#.........######..,,,
* *
#...........?....## *
,
..................##
.............>.....#
, *
#.....<............ *
#......)...........
###.....o@r.........
,,
#.......†.@)........
, *
*..###...............
, ,* #...............
, , #............#..,
** ##.....##....... ,
#.........###... ,
......#####.# .#. ,
#....#.# * .# ,#


You could see Eustachio (combustible), an orc and a rat (summoned).

Vanquished Creatures
  A jelly (D:4)
  Jessica (D:2)
  An iguana (D:4)
  3 adders
  8 orcs
  A bat (D:2)
  3 endoplasms
  A giant cockroach (D:2)
  4 kobolds
  A quokka (D:2)
  A frilled lizard (D:2)
  4 goblins
  A rat (D:2)
30 creatures vanquished.

Vanquished Creatures (others)
  82 foxfires
82 creatures vanquished.

Grand Total: 112 creatures vanquished

Notes
Turn   | Place    | Note
-------+----------+-------------------------------------------
     0 | D:1      | hawla the Meteoran Fire Elementalist began the quest for
                  | the Orb.
     0 | D:1      | Reached XP level 1. HP: 14/14 MP: 5/5
    30 | D:1      | You fall into a shaft and drop 1 floor!
    44 | D:2      | Reached XP level 2. HP: 16/20 MP: 1/6
    58 | D:2      | Reached skill level 4 in Fire Magic
   160 | D:2      | Reached XP level 3. HP: 23/26 MP: 4/8
   163 | D:2      | Learned a level 2 spell: Scorch
   164 | D:2      | Noticed Jessica
   172 | D:2      | Killed Jessica
   173 | D:2      | Reached XP level 4. HP: 21/33 MP: 1/10
   247 | D:3      | Reached skill level 5 in Fire Magic
   268 | D:4      | Reached XP level 5. HP: 35/38 MP: 2/11
   289 | D:4      | Noticed Eustachio
   305 | D:4      | Slain by Eustachio

Illustrated notes

Levels and vault maps discovered:
D:1:      dpeg_arrival_shelter, layout_basic
D:2:      layout_rooms, minmay_tetromino_l2, uniq_jessica
D:3:      layout_loops_ring, nicolae_overflow_two_pavilions,
          portal_sewer_entry_e, uniq_terence, uniq_ijyb
D:4:      layout_rooms, gammafunk_ghost_mausoleum, uniq_menkaure, uniq_sigmund,
          uniq_eustachio

Skill      XL: |  1  2  3  4  5 |
---------------+----------------+-----
Fire Magic     | 4 5 |  5.5
Spellcasting   | 3 4 |  4.1
Conjurations   | 2 |  2.4
Fighting       | |  0.3
Dodging        | |  2.8
Stealth        | |  1.4

Action                     |  1- 3 |  4- 6 || total
---------------------------+-------+-------++-------
  Melee: Unarmed           |     1 |    20 ||    21
   Cast: Foxfire           |    21 |    27 ||    48
         Scorch            |     2 |    10 ||    12
    Use: Potion            |       |     2 ||     2
 Armour: Robe              |       |     5 ||     5
  Dodge: Dodged            |     6 |    22 ||    28
